 Dungeon Crawl Stone Soup version 0.31-a0-187-gba352fbbf7 (webtiles) character file.

Game seed: 3731091354508194622

121 qw the Skirmisher (level 4, -2/25 HPs)
             Began as a Deep Elf Hunter on June 22, 2023.
             Slain by an orc
             ... wielding a +0 whip
              (4 damage)
             ... on level 3 of the Dungeon.
             The game lasted 00:00:52 (2117 turns).

qw the Skirmisher (Deep Elf Hunter)                 Turns: 2117, Time: 00:00:53

Health: -2/25      AC:  3    Str: 10    XL:     4   Next: 76%
Magic:  6/6        EV: 12    Int: 14    God:
Gold:   47         SH:  5    Dex: 18    Spells: 3/3 levels left

rFire   . . .        Y - +1 shortbow
rCold   . . .        (shield currently unavailable)
rNeg    . . .        c - +0 leather armour
rPois   .            (no helmet)
rElec   .            (no cloak)
rCorr   .            (no gloves)
SInv    .            (no boots)
Will    .....        m - amulet of reflection
Stlth   ++           (no ring)
HPRegen 0.24/turn    (no ring)
MPRegen 0.10/turn

%: reflection
@: no status effects
A: no striking features
a: no special abilities


You were on level 3 of the Dungeon.
You visited 1 branch of the dungeon, and saw 3 of its levels.

You collected 177 gold pieces.
You spent 130 gold pieces at shops.


   Skills:
 - Level 1.5 Fighting
 + Level 8.2 Ranged Weapons
 - Level 2.4 Dodging
 - Level 1.2 Stealth


You had 3 spell levels left.
You didn't know any spells.
Your spell library was empty.

Inventory:

Hand Weapons
 Y - a +1 shortbow (weapon)
Armour
 b - a +0 ring mail
 c - a +0 leather armour (worn)
 n - a +0 pair of boots
Jewellery
 m - an amulet of reflection (around neck)
Scrolls
 h - 6 scrolls of identify
Potions
 a - a potion of curing
 d - a potion of haste {unknown}
 e - a potion of degeneration {unknown}
 f - 2 potions of enlightenment {unknown}
 g - a potion of mutation {unknown}
 j - a potion of resistance {unknown}
 k - a potion of cancellation {unknown}
 l - a potion of heal wounds {unknown}

Dungeon Overview and Level Annotations

Branches:
Dungeon (3/15)

Altars:
Fedhas
Uskayaw

Shops:
D:3 ??


Message History

You shoot an arrow. The arrow hits the orc.
The orc is heavily wounded.
You hear a shout!
An orc comes into view.
It is wielding a +1 short sword of venom.
The orc hits you with a +0 hand axe.
You shoot an arrow. The arrow hits the orc.
The orc is heavily wounded.
You shoot an arrow.
The arrow hits the orc but does no damage.
An orc comes into view. It is wielding a +0 whip.
You shoot an arrow.
The arrow hits the orc but does no damage.
The orc closely misses you.
You shoot an arrow. The arrow closely misses the orc.
The arrow hits the orc.
The orc is lightly wounded.
The orc barely misses you.
You shoot an arrow.
The arrow hits the orc but does no damage.
The orc priest looks braver for a moment.
The orc hits you with a +0 hand axe.
You shoot an arrow. The arrow closely misses the orc.
You block the orc's attack.
You shoot an arrow.
The arrow hits the orc but does no damage.
The orc hits you with a +0 hand axe.
The orc priest calls upon Beogh to heal the orc.
The orc's wounds heal themselves!
You shoot an arrow. The arrow hits the orc.
The orc is heavily wounded.
You shoot an arrow. The arrow barely misses the orc. x2
You block the orc's attack. x2
You shoot an arrow. The arrow hits the orc.
You kill the orc!
The orc hits you with a +0 hand axe.
You shoot an arrow.
The arrow hits the orc but does no damage.
The orc is heavily wounded.
The orc closely misses you. The orc hits you with a +0 hand axe.
You block the orc's attack. The orc hits you with a +0 whip.
You die...

..\. #.. ...# ... ....
.... ....... ### #..
#.#....##. ...#..
#.#......
#####.#.#######.##.#.###
.....ooo........##......
#@# #........#.#.#
#.###........#.#..
#.)..........#...#
#...(...........)%.#
.....#..P.P.#.######..#
.........._....##.......
......#..P.P.####.####>.
......##...(.# #.# #.#
..... #.....# #.# #.#


You could see 3 orcs.

Vanquished Creatures
  An orc wizard (D:3)
  An adder (D:2)
  2 worms (D:2)
  2 dart slugs
  5 orcs (D:3)
  5 ball pythons
  2 bats (D:1)
  8 endoplasms
  A giant cockroach (D:2)
  5 goblins
  11 hobgoblins
  4 jackals (D:1)
  A quokka (D:1)
  5 frilled lizards
  4 kobolds
  6 rats
63 creatures vanquished.

Notes
Turn   | Place    | Note
-------+----------+-------------------------------------------
     0 | D:1      | qw the Deep Elf Hunter began the quest for the Orb.
     0 | D:1      | Reached XP level 1. HP: 12/12 MP: 3/3
     0 | D:1      | 0 ||| qw: Version: 0.3-a-9-g12657ce
     0 | D:1      | 0 ||| qw: Game counter: 2595
     0 | D:1      | 0 ||| qw: Always use a shield: true
     0 | D:1      | 0 ||| qw: God list: Okawaru
     0 | D:1      | 0 ||| qw: Allow faded altars: false
     0 | D:1      | 0 ||| qw: Do Orc after D:15 true
     0 | D:1      | 0 ||| qw: Do second Lair branch before Depths: true
     0 | D:1      | 0 ||| qw: Lair rune preference: random
     0 | D:1      | 0 ||| qw: Plans: Normal
     0 | D:1      | 0 ||| PLANNING D:1-11
   126 | D:1      | Reached skill level 6 in Ranged Weapons
   126 | D:1      | Reached XP level 2. HP: 16/16 MP: 4/4
   141 | D:1      | HP: 3/16 [jackal (3)]
   143 | D:1      | HP: 1/16 [jackal (2)]
   693 | D:1      | Reached XP level 3. HP: 18/20 MP: 5/5
   957 | D:1      | 957 ||| UPGRADING to amulet of reflection.
   962 | D:1      | 962 ||| DROPPING +6 ring of intelligence.
   963 | D:1      | 963 ||| READING scroll labelled IMULYXI REFF.
   964 | D:1      | 964 ||| READING scroll labelled KON QYM WAUW.
   965 | D:1      | 965 ||| READING 4 scrolls labelled TIMAGU JUOMU.
   966 | D:1      | 966 ||| READING scroll labelled XEARUR NEWO.
   967 | D:1      | 967 ||| READING 3 scrolls of identify.
   967 | D:1      | 967 ||| IDENTIFYING glowing ruby potion
   968 | D:1      | 968 ||| READING 2 scrolls of identify.
   968 | D:1      | 968 ||| IDENTIFYING smoky brown potion
   969 | D:1      | 969 ||| DROPPING scroll of butterflies.
   970 | D:1      | 970 ||| DROPPING potion of berserk rage.
   971 | D:1      | 971 ||| DROPPING potion of brilliance.
  1079 | D:2      | Reached skill level 7 in Ranged Weapons
  1114 | D:2      | Found a hide-covered altar of Uskayaw.
  1368 | D:2      | Reached XP level 4. HP: 25/25 MP: 6/6
  1596 | D:2      | 1596 ||| READING scroll labelled TUHYXE LASIHA.
  1597 | D:2      | 1597 ||| READING 3 scrolls of identify.
  1597 | D:2      | 1597 ||| IDENTIFYING fizzy black potion
  1598 | D:2      | 1598 ||| READING 2 scrolls of identify.
  1598 | D:2      | 1598 ||| IDENTIFYING fuming amethyst potion
  1599 | D:2      | 1599 ||| DROPPING potion of ambrosia.
  1655 | D:3      | Found a faded altar of an unknown god.
  1679 | D:3      | Identified the +1 whip of Ignis's Benevolence {antimagic,
                  | rElec rF++ rN++}
  1736 | D:3      | Found Gisiysm's Magic Scroll Boutique.
  1741 | D:3      | 1741 ||| BUYING scroll of identify (20 gold).
  1741 | D:3      | Bought a scroll of identify for 20 gold pieces
  1741 | D:3      | 1741 ||| BUYING scroll of identify (20 gold).
  1741 | D:3      | Bought a scroll of identify for 20 gold pieces
  1741 | D:3      | 1741 ||| BUYING scroll of identify (20 gold).
  1741 | D:3      | Bought a scroll of identify for 20 gold pieces
  1741 | D:3      | 1741 ||| BUYING scroll of identify (20 gold).
  1741 | D:3      | Bought a scroll of identify for 20 gold pieces
  1741 | D:3      | 1741 ||| BUYING scroll of identify (20 gold).
  1741 | D:3      | Bought a scroll of identify for 20 gold pieces
  1741 | D:3      | 1741 ||| BUYING scroll of teleportation (30 gold).
  1741 | D:3      | Bought a scroll of teleportation for 30 gold pieces
  1934 | D:3      | 1934 ||| FLEEEEING.
  1935 | D:3      | 1935 ||| FLEEEEING.
  1936 | D:3      | 1936 ||| FLEEEEING.
  1937 | D:3      | 1937 ||| FLEEEEING.
  1948 | D:3      | HP: 5/25 [something (3)]
  1949 | D:3      | 1949 ||| READING scroll of teleportation.
  1949 | D:3      | HP: 1/25 [orc/+0 hand axe (4)]
  2083 | D:3      | Reached skill level 8 in Ranged Weapons
  2087 | D:3      | Found a blossoming altar of Fedhas.
  2102 | D:3      | Found Kuylydd's Magic Scroll Emporium.
  2117 | D:3      | HP: 2/25 [orc/+0 hand axe (6)]
  2117 | D:3      | Slain by an orc

Levels and vault maps discovered:
D:1:      dpeg_arrival_boxorama, layout_basic, serial_curves, eino_curves_02,
          eino_curves_02, minmay_tromino_v4_a
D:2:      layout_basic, basic_altar, minmay_close_crescents
D:3:      layout_basic, fedhas_altar_1, lemuel_coloured_pillars_altar,
          serial_shops, shop, shop, nicolae_shop_rolling_square,
          hellmonk_ecumenical_altar_lost_god

Skill      XL: |  1  2  3  4 |
---------------+-------------+-----
Ranged Weapons | 6 7 8 |  8.2
Fighting       | |  1.5
Dodging        | |  2.4
Stealth        | |  1.2

Action                     |  1- 3 |  4- 6 || total
---------------------------+-------+-------++-------
   Fire: Shortbow          |   130 |    72 ||   202
    Use: Scroll            |     6 |     4 ||    10
 Armour: Leather armour    |    24 |     5 ||    29
  Dodge: Dodged            |    33 |    13 ||    46
  Block: Other             |     3 |     9 ||    12

Table legend:
 A = Non-vault XP
 B = Vault XP
 C = Vault XP percentage of total XP
 D = Non-vault monster count
 E = Vault monster count
 F = Vault count percentage of total count
                 A         B        C        D         E       F
            +---------+---------+-------+---------+---------+-------
      Total |     156 |      17 |   9.8 |      56 |       7 |  11.1
            +---------+---------+-------+---------+---------+-------
        D:1 |      40 |       9 |  18.4 |      22 |       4 |  15.4
        D:2 |      50 |       8 |  13.8 |      19 |       3 |  13.6
        D:3 |      66 |       0 |   0.0 |      15 |       0 |   0.0
            +---------+---------+-------+---------+---------+-------
